 Dungeon Crawl Stone Soup version 0.13-a0-2527-g93fcdc4 (webtiles) character file.

39286 Rycklaryybbe the Conjurer (level 13, -1/95 HPs)
             Began as a Demigod Wizard on July 25, 2013.
             Slain by a death yak (15 damage)
             ... on Level 8 of the Lair of Beasts.
             The game lasted 03:31:13 (31435 turns).

Rycklaryybbe the Conjurer (Demigod Wizard)         Turns: 31435, Time: 03:31:43

HP  -1/95        AC 12     Str 12      XL: 13   Next: 29%
MP  22/33        EV 17     Int 27      God:
Gold 1159        SH 10     Dex 16      Spells:  9 memorised,  4 levels left

Res.Fire  : + . .   See Invis. : .   o - +4,+3 trident (freeze)
Res.Cold  : . . .   Warding    : .   I - +2 robe {rF+}
Life Prot.: + . .   Conserve   : .   z - +3 buckler {rN+}
Res.Poison: +       Res.Corr.  : .   y - +0 helmet
Res.Elec. : .       Clarity    : .   D - +0 orc cloak
Sust.Abil.: . .     Spirit.Shd : .   x - +0 pair of elf gloves
Res.Mut.  : +       Stasis     : .   p - +0 pair of boots
Res.Rott. : .       Flight     : .   U - amulet of resist mutation
Saprovore : . . .                    C - +6,+3 ring of slaying
                                     F - ring of poison resistance

@: somewhat resistant to hostile enchantments, fairly stealthy
A: AC +4, Dex -1
a: no special abilities


You were on level 8 of the Lair of Beasts.
You were not hungry.

You visited 2 branches of the dungeon, and saw 19 of its levels.
You also visited: Sewer and Ossuary.

You collected 1139 gold pieces.

Inventory:

Hand weapons
 h - a +2,+3 orcish whip of venom
 o - a +4,+3 trident of freezing (weapon)
 q - a +0,+2 orcish dagger of holy wrath (quivered)
Armour
 k - a +1 elven robe of cold resistance
 p - a +0 pair of boots (worn)
 x - a +0 pair of elven gloves (worn)
 y - a +0 helmet (worn)
 z - a +3 buckler of positive energy (worn)
 D - a +0 orcish cloak (worn)
 I - a +2 robe of fire resistance (worn)
Magical devices
 j - a wand of fireball (5)
 w - a wand of teleportation (4)
 M - a wand of disintegration (6)
Comestibles
 d - 4 bread rations
 v - 4 rotting chunks of death yak flesh
 A - 3 rotting chunks of elephant slug flesh
 G - 3 meat rations
Scrolls
 b - 2 scrolls of amnesia
 n - 3 scrolls of identify
 s - a scroll of fog
 t - a scroll of magic mapping
 B - a scroll of torment {unknown}
 H - 2 scrolls of teleportation
 J - 3 scrolls of remove curse
 K - 2 scrolls of enchant armour
 P - a scroll of blinking
 R - a scroll of fear
 T - a scroll of silence {unknown}
 Y - a scroll of enchant weapon II {unknown}
Jewellery
 c - an uncursed ring of regeneration
 i - an uncursed ring of ice
 l - an uncursed ring of sustenance
 C - a +6,+3 ring of slaying (right hand)
 F - a ring of poison resistance (left hand)
 Q - an uncursed ring of protection from fire
 S - an uncursed amulet of guardian spirit
 U - an amulet of resist mutation (around neck)
 X - an uncursed ring of protection from fire
Potions
 a - a potion of agility
 e - 12 potions of curing
 g - 2 potions of might
 m - 5 potions of speed
 r - a potion of degeneration {unknown}
 u - a potion of brilliance {unknown}
 E - 3 potions of heal wounds
 L - 2 potions of invisibility
 N - 4 potions of berserk rage
 O - 2 potions of flight
 Z - a potion of restore abilities {unknown}
Books
 W - a book of Annihilations

   Spells                             Type                      Level
   Poison Arrow                       Conjuration/Poison           6
   Orb of Destruction                 Conjuration                  7
   Chain Lightning                    Conjuration/Air              8
   Lehudib's Crystal Spear            Conjuration/Earth            8
   Ice Storm                          Conjuration/Ice              9
   Fire Storm                         Conjuration/Fire             9


   Skills:
 - Level 6.3 Fighting
 - Level 9.5 Dodging
 - Level 1.7 Stealth
 + Level 9.7 Spellcasting
 - Level 10.3 Conjurations
 - Level 6.0 Charms
 - Level 0.8 Summonings
 - Level 0.8 Translocations
 - Level 9.9 Fire Magic
 - Level 1.0 Air Magic
 - Level 3.2 Poison Magic


You had 4 spell levels left.
You knew the following spells:

 Your Spells              Type           Power        Failure   Level  Hunger
a - Magic Dart            Conj           ####         1%          1    None
b - Blink                 Tloc           N/A          8%          2    None
c - Mephitic Cloud        Conj/Pois/Air  #####...     2%          3    None
d - Conjure Flame         Conj/Fire      ######..     1%          3    None
e - Call Imp              Summ           ###.......   8%          2    None
f - Fireball              Conj/Fire      ######....   1%          5    ###....
g - Repel Missiles        Chrm/Air       ####......   1%          2    None
h - Iskenderun's Battles  Conj/Chrm      ######..     1%          4    None
i - Force Lance           Conj           ######..     1%          5    ###....


Dungeon Overview and Level Annotations

Branches:
Dungeon (11/27)            Temple (0/1) D:5             Orc (0/4) D:7
   Lair (8/8) D:11         Shoals (0/5) Lair:3       Spider (0/5) Lair:6
  Slime (0/6) Lair:6

Shops:
D:5: ***( D:8: } D:10: % D:11: (

Annotations
D:10 exclusions: orange crystal statue and silver statue
Lair:4 Aelig's ghost, powerful DsFi


Innate Abilities, Weirdness & Mutations

You are partially covered in rough black scales (AC +4, Dex -1).


Message History

Casting: Fireball
Confirm with . or Enter, or press ? or * to list all spells.
Aiming: Fireball
Press: ? - help, Shift-Dir - straight line, p - death yak
Okay, then.
The death yak gores you!
Evoke which item? (* to show all) (? for menu, Esc to quit)
You open the flask...
An efreet comes into view.
It is wielding a scimitar of flaming. ...and a huge efreet comes out.
It howls insanely!
The death yak gores you!
The efreet hits you with a scimitar of flaming.
You hit the efreet but do no damage. The death yak gores you!
* * * LOW HITPOINT WARNING * * *
The efreet throws fire at you. The bolt of fire hits you! You resist.
* * * LOW HITPOINT WARNING * * *
The death yak gores you!
You die...

P................# ####....#
.fP...../.......P# #...#.
.PP............### ##...#
..........%f##.# #.....
f.........Y..# .# #.#...
.:..........## ##.#..
f......#....P####### ### #.#...
........#...f##.f#P###.# ####...
.#........)..Y.Y@P.##.#####.##...
####.##..##...#Y.R..f....P#......
###### #######...........)....
#..#P.....P.........
###PP..##..P........
#...P.....#....####.
#.....#...#.....###.
##...#.#####........ ##.....##
###<.....


You could see 3 death yaks and an efreet.

Vanquished Creatures
  Fannar (D:11)
  Josephine (D:11)
  2 hydras
  Erica (Lair:5)
  2 death yaks
  A lindwurm (Lair:5)
  A hill giant (D:11)
  2 griffons
  6 elephants
  4 black mambas
  9 spiny frogs
  Psyche (D:8)
  4 fire drakes
  4 komodo dragons
  A hydra zombie (D:10)
  A snapping turtle (Lair:3)
  A boulder beetle (Lair:6)
  17 blink frogs
  A trapdoor spider zombie (D:11)
  A basilisk (Lair:5)
  2 giant fireflies (Lair:8)
  A deep elf fighter (D:8)
  A wraith (D:10)
  A human (D:8)
  A dragon skeleton (D:10)
  4 elephant slugs
  Eustachio (D:10)
  A merfolk (D:8)
  11 yaks
  7 hippogriffs
  3 steam dragons
  8 wolves
  4 rock worms
  A necrophage (D:7)
  Edmund (D:8)
  A hungry ghost (D:11)
  2 swamp drakes (Lair:4)
  13 porcupines
  6 orc warriors
  2 giant goldfish (Lair:3)
  2 black bears
  5 ice beasts
  9 ogres
  6 sky beasts
  4 phantoms
  3 centaurs
  3 boring beetles (D:11)
  A hill giant simulacrum (D:11)
  15 crocodiles
  Sigmund (D:6)
  The ghost of JogiH the Firebug, an average DjFE (D:3)
  20 giant frogs
  6 giant slugs
  3 big kobolds
  8 water moccasins
  A manticore zombie (D:8)
  3 agate snails
  3 gnoll sergeants (D:7)
  5 killer bees (D:7)
  An electric eel (Lair:3)
  3 wights (D:10)
  A pulsating lump (Lair:6)
  11 crimson imps
  4 goliath beetles
  14 hounds
  A water moccasin zombie (D:8)
  A big fish (Sewer)
  8 orc priests
  A giant frog skeleton (D:5)
  8 iguanas
  16 orc wizards
  A cyclops simulacrum (D:11)
  3 gnoll shamans
  6 scorpions
  20 sheep
  8 worker ants
  7 big kobold zombies (Ossuary)
  A boggart (D:3)
  A crocodile skeleton (D:11)
  2 mummies
  2 ogre skeletons
  A hound skeleton (D:9)
  9 jellies
  A worker ant zombie (D:8)
  37 gnolls
  An ogre simulacrum (D:11)
  14 adders
  2 giant centipedes
  36 green rats
  An inept item mimic (Ossuary)
  A giant mite (Lair:2)
  3 inept feature mimics
  11 worms
  An adder zombie (D:8)
  An adder skeleton (D:6)
  3 grey rats (Sewer)
  An iguana skeleton (D:8)
  10 giant geckos
  43 orcs
  5 spectral bats (Ossuary)
  2 ball pythons (D:2)
  22 bats
  4 giant cockroaches
  15 goblins
  21 hobgoblins
  31 jackals
  6 bat simulacra (Ossuary)
  7 giant newts
  A giant newt zombie (D:1)
  A giant spore (D:9)
  5 gnoll zombies (Ossuary)
  2 goblin simulacra (Ossuary)
  3 goblin zombies (Ossuary)
  5 hobgoblin zombies (Ossuary)
  34 kobolds
  4 kobold simulacra (Ossuary)
  2 kobold zombies
  7 orc zombies (Ossuary)
  17 quokkas
  25 rats
  2 rat simulacra (Ossuary)
  A rat skeleton (D:4)
  3 spectral goblins (Ossuary)
  2 spectral kobolds (Ossuary)
  A spectral rat (Ossuary)
  2 ballistomycetes (D:9)
  A fungus (Lair:6)
758 creatures vanquished.

Vanquished Creatures (collateral kills)
  A grey rat (Sewer)
  An orc (D:7)
2 creatures vanquished.

Vanquished Creatures (others)
  2 crimson imps
  An iron imp (D:7)
  2 white imps
  An orc (D:8)
  A hobgoblin zombie (Ossuary)
  A kobold zombie (Ossuary)
  A ballistomycete (D:9)
  4 plants
13 creatures vanquished.

Grand Total: 773 creatures vanquished

Notes
Turn   | Place    | Note
--------------------------------------------------------------
     0 | D:1      | Rycklaryybbe, the Demigod Wizard, began the quest for the Orb.
     0 | D:1      | Reached XP level 1. HP: 12/12 MP: 7/7
    13 | D:1      | Reached skill level 1 in Conjurations
   363 | D:1      | Reached XP level 2. HP: 18/18 MP: 7/9
   367 | D:1      | Learned a level 2 spell: Blink
  1306 | D:2      | Reached XP level 3. HP: 24/24 MP: 4/12
  1378 | D:2      | Reached skill level 3 in Conjurations
  1423 | D:2      | Learned a level 3 spell: Mephitic Cloud
  1782 | D:2      | Reached XP level 4. HP: 20/30 MP: 9/14
  2255 | D:3      | Reached skill level 4 in Conjurations
  2367 | D:3      | Reached skill level 1 in Air Magic
  2397 | D:3      | Noticed JogiH's ghost (average DjFE)
  2411 | D:3      | Killed JogiH's ghost
  2411 | D:3      | Reached XP level 5. HP: 10/36 MP: 3/17
  2694 | D:3      | Found a basalt altar of Yredelemnul.
  2783 | D:3      | Learned a level 3 spell: Conjure Flame
  3124 | D:3      | Found a blossoming altar of Fedhas.
  3208 | D:4      | Reached skill level 1 in Fire Magic
  3410 | D:4      | Noticed an ogre
  3431 | D:4      | Killed an ogre
  3431 | D:4      | Reached XP level 6. HP: 42/42 MP: 5/19
  4030 | D:4      | Noticed an ogre
  4041 | D:4      | Killed an ogre
  4041 | D:4      | Reached skill level 5 in Conjurations
  4041 | D:4      | Reached skill level 1 in Poison Magic
  4191 | D:4      | Reached XP level 7. HP: 25/48 MP: 7/21
  4197 | D:4      | Learned a level 2 spell: Call Imp
  4353 | D:4      | Found a glowing drain.
  4360 | Sewer    | Entered a sewer
  4577 | Sewer    | Found a white marble altar of Elyvilon.
  4785 | D:5      | Entered Level 5 of the Dungeon
  4795 | D:5      | Found Xustrah's Antique Weapon Shoppe.
  5021 | D:5      | Xustrah's Antique Weapon Shoppe was a mimic.
  5228 | D:5      | Found Muppanna's Antique Weapon Shoppe.
  5516 | D:5      | Found Shutwu Tie's General Store.
  5723 | D:5      | Found Ekkodyg's General Store.
  5729 | D:5      | Reached XP level 8. HP: 55/55 MP: 17/22
  5734 | D:5      | Found Plar's Assorted Antiques.
  5750 | D:5      | Gained mutation: You are partially covered in rough black scales (AC +4, Dex -1). [potion of beneficial mutation]
  5925 | D:5      | Reached skill level 5 in Fire Magic
  6059 | D:5      | Found a blossoming altar of Fedhas.
  6087 | D:5      | Found a staircase to the Ecumenical Temple.
  6493 | D:6      | Found a bloodstained altar of Trog.
  6698 | D:6      | Noticed Sigmund
  6766 | D:6      | Reached skill level 6 in Fire Magic
  7017 | D:6      | Found a sand-covered staircase.
  7022 | Ossuary  | Entered an ossuary
  7518 | Ossuary  | Reached skill level 7 in Fire Magic
  8133 | D:6      | Killed Sigmund
  8329 | D:6      | Reached skill level 5 in Spellcasting
  8456 | D:6      | Reached XP level 9. HP: 52/60 MP: 17/25
  8994 | D:7      | Found a staircase to the Orcish Mines.
  9383 | D:7      | Learned a level 5 spell: Fireball
  9800 | D:7      | Reached skill level 8 in Fire Magic
 10402 | D:7      | Reached skill level 1 in Fighting
 11598 | D:8      | Noticed Edmund
 11673 | D:8      | Killed Edmund
 11948 | D:8      | Reached XP level 10. HP: 72/72 MP: 10/28
 11994 | D:8      | Learned a level 2 spell: Repel Missiles
 12353 | D:8      | Noticed Psyche
 12370 | D:8      | Killed Psyche
 12370 | D:8      | Reached skill level 5 in Fighting
 12843 | D:8      | Got a shimmering leather armour
 12851 | D:8      | Identified the cursed -4 leather armour of Defiance {Dex+2 Acc+2} (You found it on level 8 of the Dungeon)
 13273 | D:8      | Found Agamarr's Gadget Shop.
 14047 | D:9      | Reached skill level 5 in Dodging
 14696 | D:10     | Entered Level 10 of the Dungeon
 15162 | D:10     | Noticed Eustachio
 15225 | D:10     | Killed Eustachio
 15590 | D:10     | Found Zula's Food Boutique.
 16288 | D:11     | Found Stradoex's Weapon Shoppe.
 16330 | D:11     | Reached XP level 11. HP: 81/81 MP: 27/28
 16844 | D:11     | Noticed Fannar
 16849 | D:11     | Killed Fannar
 17317 | D:11     | Found a staircase to the Lair.
 17449 | Lair:1   | Entered Level 1 of the Lair of Beasts
 17653 | D:11     | Noticed a hill giant
 17680 | D:11     | Killed a hill giant
 17839 | D:11     | Reached skill level 9 in Dodging
 17840 | D:11     | Noticed Josephine
 17858 | D:11     | Killed Josephine
 18569 | Lair:1   | Yumemi: Копье изучил уже?
 18715 | Lair:1   | Rycklaryybbe: неа
 18715 | Lair:1   | Rycklaryybbe: учу спелы пока
 18715 | Lair:1   | Rycklaryybbe: копью, видимо, файтинг помогает
 18749 | Lair:1   | Rycklaryybbe: хм
 18749 | Lair:1   | Rycklaryybbe: ничем не пользовался :)
 18749 | Lair:1   | Yumemi: Что?
 18749 | Lair:1   | Rycklaryybbe: есть что-то хорошее?
 18749 | Lair:1   | Yumemi: Файтинг хп повышает
 18749 | Lair:1   | Yumemi: так
 18749 | Lair:1   | Rycklaryybbe: я про заклы
 18749 | Lair:1   | Yumemi: мистик бласт
 18749 | Lair:1   | Yumemi: и батлсфера
 18749 | Lair:1   | Rycklaryybbe: батлсфера звучит интересно)
 18749 | Lair:1   | Yumemi: про сферу лучше почитай на вики
 18749 | Lair:1   | Yumemi: суть в том
 18749 | Lair:1   | Yumemi: что когда ты кастуешь ударный спелл
 18749 | Lair:1   | Yumemi: и сфера призвана
 18749 | Lair:1   | Yumemi: она тоже стреляет
 18749 | Lair:1   | Rycklaryybbe: вау
 18749 | Lair:1   | Yumemi: довольно больно
 18749 | Lair:1   | Rycklaryybbe: я выучу еще
 18749 | Lair:1   | Yumemi: А мистик бласт может взрываться
 18749 | Lair:1   | Yumemi: и в принципе
 18749 | Lair:1   | Yumemi: есть продвинутый дарт
 18749 | Lair:1   | Rycklaryybbe: выучу наверное
 18754 | Lair:1   | Learned a level 4 spell: Iskenderun's Mystic Blast
 19245 | Lair:2   | Rycklaryybbe: аон развывается?
 19245 | Lair:2   | Rycklaryybbe: типа фаербола что ли?
 19442 | Lair:2   | Yumemi: мм
 19443 | Lair:2   | Yumemi: не совсем
 19444 | Lair:2   | Rycklaryybbe: да, я уже попробовал
 19444 | Lair:2   | Yumemi: Там зона поражения показывается обчно
 19444 | Lair:2   | Rycklaryybbe: ага
 19444 | Lair:2   | Rycklaryybbe: а там рандомно?
 19827 | Lair:1   | Rycklaryybbe: что-то мне бласт не очень
 19827 | Lair:1   | Rycklaryybbe: попробую сферу
 19845 | Lair:1   | Learned a level 4 spell: Iskenderun's Battlesphere
 19848 | Lair:1   | Yumemi: Сферу призывай перед боем только
 19848 | Lair:1   | Yumemi: она исчезает со временем
 19848 | Lair:1   | Rycklaryybbe: ага, ок
 19848 | Lair:1   | Yumemi: И стреляет только тогда, когда ты кастуешь ударные спеллы
 19849 | Lair:1   | Rycklaryybbe: а ее спелы от моих зависит как-то?
 20021 | Lair:1   | Yumemi: нет
 20177 | Lair:2   | Yumemi: у нее всегда одинаковый выстрел
 20180 | Lair:2   | Yumemi: Но довольно неплохой
 20182 | Lair:2   | Reached skill level 1 in Charms
 20183 | Lair:2   | Rycklaryybbe: ясно
 20663 | Lair:2   | Rycklaryybbe: да, отлтчно работает сферка!
 21099 | Lair:3   | Yumemi: А то
 21099 | Lair:3   | Yumemi: !
 21144 | Lair:3   | Reached XP level 12. HP: 64/89 MP: 13/30
 21537 | Lair:3   | Yumemi: Осторожно с этими ежиками, они в 0.13 иглами могут колоть
 21537 | Lair:3   | Rycklaryybbe: мм
 21537 | Lair:3   | Rycklaryybbe: ок)
 21537 | Lair:3   | Rycklaryybbe: но я просто в другие не играл
 21537 | Lair:3   | Rycklaryybbe: версии
 21537 | Lair:3   | Rycklaryybbe: но про колоть не знал)
 21581 | Lair:3   | Noticed a five-headed hydra
 21582 | Lair:3   | Yumemi: Так
 21582 | Lair:3   | Yumemi: стой
 21583 | Lair:3   | Yumemi: опасно
 21586 | Lair:3   | Yumemi: не дай ей тебя бить
 21586 | Lair:3   | Yumemi: и подойти
 21588 | Lair:3   | Yumemi: может за 2 хода убить легко
 21591 | Lair:3   | Killed a five-headed hydra
 21768 | Lair:3   | Found a staircase to the Shoals.
 21769 | Lair:3   | Rycklaryybbe: шоалс(
 21769 | Lair:3   | Rycklaryybbe: там не днях умер мой идеальный перс)
 21769 | Lair:3   | Rycklaryybbe: перс моей мечты
 21769 | Lair:3   | Yumemi: http://crawl.chaosforge.org/Porcupine
 21769 | Lair:3   | Rycklaryybbe: вампир энчантер оф кику
 21769 | Lair:3   | Yumemi: 2d4
 21769 | Lair:3   | Rycklaryybbe: ага
 21769 | Lair:3   | Yumemi: иглами
 21769 | Lair:3   | Rycklaryybbe: спс
 21792 | Lair:3   | Yumemi: Осторожно с ней
 21798 | Lair:3   | Yumemi: она 30 за ход может снять
 21801 | Lair:3   | Yumemi: и лечится в панцире
 21801 | Lair:3   | Rycklaryybbe: странная какая-то
 21801 | Lair:3   | Rycklaryybbe: аа, вот же ж
 21801 | Lair:3   | Rycklaryybbe: а сейчас ей пофиг урон?
 21801 | Lair:3   | Yumemi: нет
 21801 | Lair:3   | Yumemi: можно добить
 22422 | Lair:4   | Noticed a five-headed hydra
 22428 | Lair:4   | Killed a five-headed hydra
 22484 | Lair:4   | Yumemi: И главное не качай много скиллов сразу, по 2 - 3
 22512 | Lair:4   | Yumemi: Сквозь сферу можно стрелять
 22547 | Lair:4   | Reached skill level 5 in Charms
 22720 | Lair:4   | Rycklaryybbe: лол
 22720 | Lair:4   | Rycklaryybbe: первый амулет и тот проклятый
 22720 | Lair:4   | Rycklaryybbe: а ну вроде не плохой
 22752 | Lair:4   | Rycklaryybbe: полет выучить как думаешь?
 22784 | Lair:4   | Noticed Aelig's ghost (powerful DsFi)
 22831 | Lair:4   | Yumemi: стоит
 23103 | Lair:3   | Yumemi: Что это был за призрак?
 23103 | Lair:3   | Yumemi: Раса Класс?
 23103 | Lair:3   | Rycklaryybbe: демон файтер
 23103 | Lair:3   | Rycklaryybbe: экстремели дендерос
 23103 | Lair:3   | Yumemi: А он неплох.
 23103 | Lair:3   | Rycklaryybbe: да он ваще
 23103 | Lair:3   | Rycklaryybbe: ты видил как он меняударил?
 23103 | Lair:3   | Rycklaryybbe: больше чем на пол хп
 23103 | Lair:3   | Rycklaryybbe: и хз че с ним делать
 23220 | Lair:4   | Yumemi: Не драться с ним
 23220 | Lair:4   | Rycklaryybbe: это точно
 23982 | Lair:5   | Got a smoking leather armour
 23990 | Lair:5   | Identified the cursed -1 leather armour of Skikhaim {MR++ Str+1 Int-2 Acc+2} (You found it on level 5 of the Lair of Beasts)
 24316 | Lair:5   | Noticed Erica
 24325 | Lair:5   | Killed Erica
 24902 | Lair:6   | Yumemi: ds,hfcsdfq ljcgt[ b crbvbnfh
 24902 | Lair:6   | Yumemi: ой
 24902 | Lair:6   | Yumemi: доспех и скимитар
 24902 | Lair:6   | Yumemi: лишние
 24902 | Lair:6   | Yumemi: все равно не пригодятся
 24902 | Lair:6   | Rycklaryybbe: доспех я думал пригодится
 24902 | Lair:6   | Rycklaryybbe: с резистом все же
 24902 | Lair:6   | Yumemi: Всегда вернуться можно
 24902 | Lair:6   | Yumemi: и взять
 24905 | Lair:6   | Rycklaryybbe: угу
 24906 | Lair:6   | Rycklaryybbe: вечно мало места
 24906 | Lair:6   | Rycklaryybbe: ванды жалко выкидывать)
 25032 | Lair:6   | Yumemi: Понимаю
 25039 | Lair:6   | Yumemi: Правда без эво на ~ 10
 25039 | Lair:6   | Yumemi: от них толку мало
 25580 | Lair:6   | Found a hole to the Spider Nest.
 25900 | Lair:6   | Found a staircase to the Slime Pits.
 26036 | Lair:6   | Reached skill level 10 in Conjurations
 27315 | Lair:7   | Yumemi: Я бы наверное уже пытался бы исключительно фаерболлами врагов бить
 27316 | Lair:7   | Yumemi: если голода не много от них
 27316 | Lair:7   | Rycklaryybbe: многовато
 27316 | Lair:7   | Rycklaryybbe: 4 решетки, яхз сколько это
 27316 | Lair:7   | Rycklaryybbe: на выглчдит не очень
 27380 | Lair:7   | Yumemi: прилично это
 27380 | Lair:7   | Yumemi: нужно спеллкастинг качать
 27380 | Lair:7   | Yumemi: активно
 27380 | Lair:7   | Yumemi: и инты побольше
 27380 | Lair:7   | Yumemi: OoD
 27380 | Lair:7   | Yumemi: тут
 27380 | Lair:7   | Rycklaryybbe: я и так все в инту кидаб
 27380 | Lair:7   | Yumemi: да вижу
 27380 | Lair:7   | Rycklaryybbe: ага, это ты про него говорил?
 27380 | Lair:7   | Yumemi: нужны вещи на нее еще
 27380 | Lair:7   | Yumemi: ага
 27380 | Lair:7   | Yumemi: так
 27380 | Lair:7   | Yumemi: спеллкастинг качай
 27380 | Lair:7   | Rycklaryybbe: угу
 27380 | Lair:7   | Yumemi: его у тебя крайне мало
 27380 | Lair:7   | Rycklaryybbe: ок
 27659 | Lair:5   | Rycklaryybbe: блин, какой-то жучок
 27659 | Lair:5   | Rycklaryybbe: всегда их убивал и вообще не знал кто такие)
 27659 | Lair:5   | Rycklaryybbe: а магов вот убить не могу
 27943 | Lair:6   | Yumemi: А него AC много
 28027 | Lair:7   | Reached XP level 13. HP: 84/95 MP: 12/32
 28064 | Lair:7   | Rycklaryybbe: вот падла)
 28231 | Lair:6   | Rycklaryybbe: наверное пойду выуча ланц
 28348 | Lair:1   | Yumemi: Хорошая идея
 28382 | Lair:1   | Learned a level 5 spell: Force Lance
 28382 | Lair:1   | Rycklaryybbe: да... надо качать спелкастинг
 28491 | Lair:4   | Yumemi: Беги
 29516 | Lair:7   | Yumemi: На этот момент обычно персонаж довольно свободно может облака пускать. При условии, что спеллкастинг качал, магию воздуха и яд/холод
 29517 | Lair:7   | Yumemi: Но с голодом в ###
 29753 | Lair:7   | Rycklaryybbe: а я огонь качал
 29753 | Lair:7   | Yumemi: И нормально
 29753 | Lair:7   | Rycklaryybbe: как увидел в книге фаербол начал качать огонь)
 29753 | Lair:7   | Yumemi: У тебя фаербол
 29973 | Lair:8   | Entered Level 8 of the Lair of Beasts
 30254 | Lair:7   | Yumemi: Мефитик их плохо берет
 30262 | Lair:7   | Yumemi: очень плохо
 30265 | Lair:7   | Yumemi: MR выский
 30268 | Lair:7   | Yumemi: высокий
 30268 | Lair:7   | Yumemi: сбеги пока
 30281 | Lair:7   | Rycklaryybbe: блин, надо было слоу учить
 30290 | Lair:7   | Yumemi: Его слоу тоже не возьмет
 30325 | Lair:6   | Yumemi: По крайней мере первые раза 4
 30797 | Lair:8   | Yumemi: За дверью будет дракон
 30806 | Lair:8   | Yumemi: Шипастые черви очень опасны
 30963 | Lair:6   | Rycklaryybbe: в жизни не бегал так по лееру(
 31132 | Lair:6   | Yumemi: Полезный опыт
 31132 | Lair:6   | Rycklaryybbe: наверное да
 31132 | Lair:6   | Rycklaryybbe: вот и думаю
 31132 | Lair:6   | Rycklaryybbe: это потому что демигод наверное
 31132 | Lair:6   | Rycklaryybbe: бога нет, апт хреновые)
 31422 | Lair:8   | Yumemi: Ага
 31435 | Lair:8   | Slain by a death yak

Action                   |  1- 3 |  4- 6 |  7- 9 | 10-12 | 13-15 || total
-------------------------+-------+-------+-------+-------+-------++-------
Melee: Unarmed           |    24 |       |       |       |       ||    24
       Whip              |    13 |     9 |    19 |       |       ||    41
       Trident           |       |    17 |   378 |   791 |    85 ||  1271
       Dagger            |       |       |     6 |    10 |       ||    16
Throw: Dart              |     2 |       |     3 |       |       ||     5
       Club              |       |       |     1 |       |       ||     1
 Cast: Magic Dart        |   117 |   160 |   776 |  1140 |   164 ||  2357
       Conjure Flame     |       |     6 |    43 |    62 |     3 ||   114
       Blink             |       |     4 |    18 |    20 |    10 ||    52
       Mephitic Cloud    |       |       |    33 |    93 |    18 ||   144
       Call Imp          |       |       |     6 |     1 |       ||     7
       Fireball          |       |       |     2 |    32 |     6 ||    40
       Repel Missiles    |       |       |       |     1 |       ||     1
       Iskenderun's Batt |       |       |       |    56 |    19 ||    75
       Iskenderun's Myst |       |       |       |     3 |       ||     3
       Force Lance       |       |       |       |       |    12 ||    12
Evoke: Wand              |       |     3 |     6 |    16 |     2 ||    27
       Miscellaneous     |       |       |       |       |     1 ||     1
  Use: Scroll            |       |       |    20 |    17 |       ||    37
       Potion            |       |       |     2 |     6 |     2 ||    10
 Stab: Distracted        |       |       |     2 |       |       ||     2
       Sleeping          |       |       |     1 |     2 |       ||     3
       Confused          |       |       |     1 |    16 |     2 ||    19
